 Dungeon Sprint DCSS version 0.26-a0-835-g8259106e14 (webtiles) character file.

Game seed: 17426643850548353660

130 sahdkjhfkaj the Cleaver (level 5, -5/42 HPs)
             Began as a Human Fighter on Nov 18, 2020.
             Was a Believer of Elyvilon.
             Slain by a gnoll sergeant
             ... wielding a +1 vorpal spear
              (6 damage)
             ... in the Dungeon (Sprint VII: "The Pits").
             The game lasted 00:01:27 (618 turns).

sahdkjhfkaj the Cleaver (Human Fighter)              Turns: 618, Time: 00:01:27

Health: -5/42      AC:  7    Str: 17    XL:     5   Next: 36%
Magic:  5/5        EV:  8    Int:  9    God:    Elyvilon [**....]
Gold:   0          SH:  9    Dex: 12    Spells: 4/4 levels left

rFire    . . .     SeeInvis .   a - +0 war axe
rCold    . . .     Faith    .   c - +0 kite shield
rNeg     . . .     Spirit   .   b - +0 scale mail
rPois    .         Reflect  .   (no helmet)
rElec    .         Harm     .   (no cloak)
rCorr    .         Rampage  .   (no gloves)
MR       .....     NoTele   +   (no boots)
Stlth    ..........             (no amulet)
HPRegen  0.14/turn              (no ring)
MPRegen  0.09/turn              (no ring)

@: no status effects
A: no striking features
a: Lesser Healing, Heal Other, Divine Protection, Renounce Religion


You were in the Dungeon.
You worshipped Elyvilon.
Elyvilon was pleased with you.
You visited 1 branch

Inventory:

Hand Weapons
 a - a +0 war axe (weapon)
Armour
 b - a +0 scale mail (worn)
 c - a +0 kite shield (worn)
Scrolls
 j - a scroll of blinking {!r}
 l - 3 scrolls of remove curse {!r}
 m - 5 scrolls of amnesia {!r}
Potions
 d - a potion of might {!q}
 e - 6 potions of curing {!q}
 f - 6 potions of heal wounds {!q}
 g - a potion of haste {!q}
 h - 4 potions of magic {!q}
 i - 2 potions of berserk rage {!q}
 k - 2 potions of invisibility {!q}


   Skills:
 + Level 3.7 Fighting
 - Level 9.0 Axes
 + Level 3.7 Armour
 + Level 1.8 Dodging
 + Level 3.7 Shields


You had 4 spell levels left.
You didn't know any spells.
Your spell library was empty.

Dungeon Overview and Level Annotations

Branches:
Dungeon (1/1)

Altars:
Ashenzari
Cheibriados
Dithmenos
Elyvilon
Fedhas
Gozag
Hepliaklqana
Kikubaaqudgha
Makhleb
Nemelex Xobeh
Okawaru
Qazlal
Ru
Sif Muna
Trog
Uskayaw
Vehumet
Wu Jian
Xom
Yredelemnul
Zin
The Shining One
Beogh
Jiyva
Lugonu


Message History

* * * LOW HITPOINT WARNING * * *
* * * LOW HITPOINT WARNING * * *
You block the gnoll's attack.
Things that are here:
a +0 trident; a +0 leather armour; an orc corpse You closely miss the gnoll sergeant.
The orc wizard mumbles some strange words.
The orc wizard blinks!
You block the gnoll sergeant's attack. You block the gnoll's attack.
Unknown command.
Unknown command.
You slash the gnoll sergeant!
The gnoll sergeant is moderately wounded.
The gnoll sergeant closely misses you. The gnoll hits you but does no damage.
You hit the gnoll sergeant but do no damage.
The gnoll sergeant is moderately wounded.
The gnoll sergeant hits you but does no damage.
You block the gnoll's attack.
The gnoll sergeant hits you with a +1 vorpal spear.
You die...

#...........'.....
#'#####'#####.....
#.#[[#..)..##.....
#.#))#####)#####'#
#.#))#.....##.....
#.#))#.....##.....
#.#..###'####.....
#.##'#..รท).##...<.
#@#........##.....
#g#........##.....
#g###########.....


#gw ###### #oo# #g.. ##.## .. .# You could see a gnoll sergeant, a worm, 3
gnolls and 2 orcs.

Vanquished Creatures
  A sky beast (D)
  2 gnolls (D)
  An ufetubus (D)
  2 leopard geckos (D)
  2 orcs (D)
  2 giant cockroaches (D)
  2 jackals (D)
  A kobold (D)
13 creatures vanquished.

Notes
Turn   | Place    | Note
-------+----------+-------------------------------------------
     0 | D        | sahdkjhfkaj the Human Fighter began the quest for the Orb.
     0 | D        | Reached XP level 1. HP: 18/18 MP: 1/1
    18 | D        | Reached skill level 4 in Axes
    18 | D        | Reached XP level 2. HP: 24/24 MP: 2/2
    21 | D        | Found a bloodstained altar of Trog.
    21 | D        | Found a shimmering blue altar of Sif Muna.
    21 | D        | Found a viscous altar of Jiyva.
    21 | D        | Found a hazy altar of Hepliaklqana.
    21 | D        | Found an opulent altar of Gozag.
    22 | D        | Found a glowing golden altar of the Shining One.
    22 | D        | Found a glowing silver altar of Zin.
    22 | D        | Found a basalt altar of Yredelemnul.
    22 | D        | Found a shimmering altar of Xom.
    22 | D        | Found an ornate altar of the Wu Jian Council.
    22 | D        | Found a sacrificial altar of Ru.
    22 | D        | Found a stormy altar of Qazlal.
    22 | D        | Found an iron altar of Okawaru.
    22 | D        | Found a sparkling altar of Nemelex Xobeh.
    22 | D        | Found a burning altar of Makhleb.
    22 | D        | Found a blossoming altar of Fedhas.
    22 | D        | Found a white marble altar of Elyvilon.
    22 | D        | Found a shadowy altar of Dithmenos.
    22 | D        | Found a snail-covered altar of Cheibriados.
    23 | D        | Found a radiant altar of Vehumet.
    23 | D        | Found a corrupted altar of Lugonu.
    23 | D        | Found a roughly hewn altar of Beogh.
    24 | D        | Found an ancient bone altar of Kikubaaqudgha.
    24 | D        | Found a hide-covered altar of Uskayaw.
    24 | D        | Found a broken altar of Ashenzari.
    29 | D        | Became a worshipper of Elyvilon the Healer
    85 | D        | Reached * piety under Elyvilon
   126 | D        | Reached ** piety under Elyvilon
   211 | D        | Reached skill level 5 in Axes
   264 | D        | Reached XP level 3. HP: 14/29 MP: 3/3
   268 | D        | Reached skill level 6 in Axes
   596 | D        | Noticed a sky beast
   596 | D        | Noticed a gnoll sergeant
   597 | D        | Noticed a black bear
   610 | D        | Killed a sky beast
   611 | D        | Reached skill level 9 in Axes
   611 | D        | Reached skill level 1 in Dodging
   611 | D        | Reached XP level 4. HP: 10/36 MP: 4/4
   611 | D        | Reached XP level 5. HP: 12/41 MP: 5/5
   613 | D        | HP: 2/41 [gnoll sergeant/+1 vorpal spear (1)]
   618 | D        | Slain by a gnoll sergeant

Illustrated notes

Levels and vault maps discovered:
D:        pitsprint [storerooms_1, entrance_room_1, metal_vault_4, armoury_1,
          mini_pit_1, grid_room_1, main_hall_1, silver_pit, the_coven_1,
          the_vestibule_1, steel_vault_1, golden_pit, hallway_of_sentries,
          crystal_vault_2, iron_vault_3, final_vault]

Skill      XL: |  1  2  3 |
---------------+----------+-----
Axes           | 4 5 9 |  9.0
Dodging        | 1 |  1.8
Fighting       | |  3.7
Armour         | |  3.7
Shields        | |  3.7

Action                   |  1- 3 |  4- 6 || total
-------------------------+-------+-------++-------
Melee: War axe           |    30 |     6 ||    36
  Use: Potion            |     1 |       ||     1
       Scroll            |     1 |       ||     1
Armor: Scale mail        |    11 |     2 ||    13
Dodge: Dodged            |    13 |     3 ||    16
Block: Kite shield       |    17 |     5 ||    22

Table legend: (Time is in decaauts)
 A = Elapsed time spent in this place.
 B = Non-inter-level travel time spent in this place.
 C = Inter-level travel time spent in this place.
 D = Time resting spent in this place.
 E = Time spent auto-exploring this place.
 F = Levels seen in this place.
 G = Mean time per level.
                   A        B        C        D        E       F      G
               +--------+--------+--------+--------+--------+-----+--------+
         Total |    636 |    614 |     22 |    322 |      0 |   1 |  636.0 |
       Dungeon |    636 |    614 |     22 |    322 |      0 |   1 |  636.0 |
               +--------+--------+--------+--------+--------+-----+--------+

Top non-repeatable levels by time:
       D: 636 daAuts
